 Dungeon Crawl Stone Soup version 0.31-a0-237-g2d982f9f85 (webtiles) character file.

Game seed: 1543946464782244768

156 rabbitsville the Firebug (level 5, -1/38 HPs)
             Began as a Hill Orc Fire Elementalist on July 12, 2023.
             Slain by Terence
             ... wielding a +0 flail
              (11 damage)
             ... on level 3 of the Dungeon.
             The game lasted 00:08:39 (3503 turns).

rabbitsville the Firebug (HOFE)                     Turns: 3503, Time: 00:08:39

Health: -1/38      AC:  4    Str: 11    XL:     5   Next: 37%
Magic:  5/8        EV: 12    Int: 17    God:
Gold:   101        SH:  0    Dex: 11    Spells: 5/8 levels left

rFire   + . .        c - +0 short sword
rCold   + . .        (no shield)
rNeg    . . .        d - +2 robe {Will+}
rPois   +            (no helmet)
rElec   +            (no cloak)
rCorr   +            (no gloves)
SInv    .            (no boots)
Will    +....        (no amulet)
Stlth   ++           (no ring)
HPRegen 0.26/turn    (no ring)
MPRegen 0.11/turn

%: no passive effects
@: resistant
A: no striking features
a: no special abilities


You were on level 3 of the Dungeon.
You visited 1 branch of the dungeon, and saw 3 of its levels.

You collected 160 gold pieces.
You spent 59 gold pieces at shops.

Inventory:

Hand Weapons
 c - a +0 short sword (weapon)
Armour
 a - a +0 robe
 d - a +2 robe of willpower (worn)
Wands
 e - a wand of paralysis (2)
Scrolls
 k - a scroll of torment
 m - 2 scrolls of identify
Potions
 g - a potion of curing {unknown}
 h - a potion of lignification {unknown}
 i - a potion of cancellation {unknown}
 j - a potion of heal wounds {unknown}
 l - a potion of ambrosia {unknown}
 n - a potion of brilliance {unknown}
 o - 2 potions of attraction {unknown}
 p - 2 potions of berserk rage {unknown}
 q - a potion of degeneration {unknown}


   Skills:
 - Level 1.5 Dodging
 - Level 1.5 Stealth
 + Level 2.2 Spellcasting
 * Level 3.2 Conjurations
 * Level 4.8 Fire Magic


You had 5 spell levels left.
You knew the following spells:

 Your Spells              Type           Power      Damage    Failure   Level
a - Foxfire               Conj/Fire      60%        2x1d7     3%          1
b - Scorch                Fire           36%        2d6       3%          2

Your spell library contained the following spells:

 Spells                   Type           Power      Damage    Failure   Level
 Inner Flame              Hex/Fire       10%        N/A       22%         3
 Volatile Blastmotes      Fire/Tloc      20%        2d11      22%         3
 Flame Wave               Conj/Fire      15%        2d7       34%         4


Dungeon Overview and Level Annotations

Branches:
Dungeon (3/15)

Altars:
Fedhas
Makhleb

Shops:
D:1 [

Annotations:
D:3 1 runed translucent door, Crazy Yiuf, Robin, Terence


Message History

Terence is lightly wounded.
Terence closely misses you.
You conjure some foxfire!
Terence barely misses you.
You conjure some foxfire!
The foxfire hits Terence but does no damage.
Terence is lightly wounded.
The foxfire hits Terence but does no damage.
Terence is lightly wounded.
Terence zaps a wand.
The puff of flame hits you!
The foxfire hits Terence but does no damage.
Terence is lightly wounded.
The foxfire hits Terence but does no damage.
Terence is lightly wounded.
You open the door. Terence barely misses you. Terence attacks as you move away!
Terence hits you with a +0 flail!
* * * LOW HITPOINT WARNING * * *
There is an open door here.
Okay, then.
It was a potion of resistance.
You feel protected. Terence closely misses you.
Magic courses through your body. Terence closely misses you.
The rat attacks as you move away! The rat bites you but does no damage.
Terence attacks as you move away! Terence closely misses you.
Casting: Scorch (safe; 3% risk of failure)
Press: ? - help, Q - select action, (/) - cycle Dir - look around, f - activate Flames lash Terence but do no damage.
Terence zaps a wand.
The puff of flame misses you. Terence attacks as you move away!
Terence closely misses you.
Casting: Foxfire (safe; 3% risk of failure)
Press: ? - help, Q - select action, (/) - cycle Dir - look around, f - activate You conjure some foxfire!
Terence hits you but does no damage.
Casting: Foxfire (safe; 3% risk of failure)
Press: ? - help, Q - select action, (/) - cycle Dir - look around, f - activate You conjure some foxfire!
The foxfire hits Terence.
Terence resists.
Terence is moderately wounded.
Terence hits you with a +0 flail!
You die...

,* ***,**,,,***#.##.....,,,,,,,,#
,* *,,,*,,,,,,,........##*******#
,***+***+***+###.####### #
,*,,*,,,,,,,#..#.# #
,*,,*,,,,,,,#..#.# ########
,+,,+***+*##+..+.# #.......
,*,,*,+,,,+.#..#.#########.######
,*,,*,#.,,#.#..#vv.........# #
,+**+,#._,#.'##'@########### #
,*,,*,#...#.#..#@# #
,*,,*,+...'.#..#r# #
,+,,+*##+###'..'.# #
,*,,*..$....#..### #
,*,,*.r.....#..# ,***+###+###+###
,,,,,,,,,,,,,* **************


You could see Terence (ally target) and a rat.

Vanquished Creatures
  7 adders
  A worm (D:2)
  10 ball pythons
  4 endoplasms
  4 giant cockroaches
  9 goblins
  7 hobgoblins
  7 jackals (D:1)
  3 kobolds
  4 quokkas (D:2)
  7 bats
  A frilled lizard (D:3)
  24 rats
88 creatures vanquished.

Vanquished Creatures (others)
  238 foxfires
238 creatures vanquished.

Grand Total: 326 creatures vanquished

Notes
Turn   | Place    | Note
-------+----------+-------------------------------------------
     0 | D:1      | rabbitsville the Hill Orc Fire Elementalist began the quest
                  | for the Orb.
     0 | D:1      | Reached XP level 1. HP: 14/14 MP: 3/3
   233 | D:1      | Reached XP level 2. HP: 20/20 MP: 2/4
   344 | D:1      | Found Vuidycij's Antique Armour Shop.
   348 | D:1      | Bought a glowing robe for 59 gold pieces
   673 | D:1      | Reached XP level 3. HP: 23/26 MP: 0/5
  1066 | D:2      | Reached skill level 4 in Fire Magic
  1595 | D:2      | Reached XP level 4. HP: 33/33 MP: 0/7
  2215 | D:2      | Found a burning altar of Makhleb.
  2709 | D:3      | Found a runed translucent door.
  2710 | D:3      | Noticed Crazy Yiuf
  2864 | D:3      | Reached XP level 5. HP: 33/38 MP: 0/8
  2867 | D:3      | Learned a level 2 spell: Scorch
  2968 | D:3      | Noticed Robin
  3481 | D:3      | Found a blossoming altar of Fedhas.
  3481 | D:3      | Noticed Terence
  3503 | D:3      | Slain by Terence

Illustrated notes

Levels and vault maps discovered:
D:1:      lemuel_arrival_rhombus, layout_loops_ring, serial_shops, shop,
          item_on_display_a
D:2:      layout_loops_ring, basic_altar, minmay_rat_hole
D:3:      wad_crossroads, layout_loops_ring, mainiacjoe_overflow_24_doors,
          dreamdust_princess_bridge, uniq_terence, uniq_crazy_yiuf_cottage,
          uniq_robin

Skill      XL: |  1  2  3  4 |
---------------+-------------+-----
Conjurations   | 2 3 |  3.2
Fire Magic     | 4 |  4.8
Spellcasting   | 2 |  2.2
Dodging        | |  1.5
Stealth        | |  1.5

Action                     |  1- 3 |  4- 6 || total
---------------------------+-------+-------++-------
  Melee: Short sword       |    37 |    17 ||    54
         Punch             |       |     1 ||     1
   Cast: Foxfire           |    58 |    92 ||   150
         Scorch            |       |     2 ||     2
    Use: Scroll            |       |     5 ||     5
         Potion            |       |     2 ||     2
 Armour: Robe              |    14 |    16 ||    30
  Dodge: Dodged            |    47 |    51 ||    98

Table legend: (Time is in decaauts)
 A = Elapsed time spent in this place.
 B = Non-inter-level travel time spent in this place.
 C = Inter-level travel time spent in this place.
 D = Time resting spent in this place.
 E = Time spent auto-exploring this place.
 F = Levels seen in this place.
 G = Mean time per level.
                   A        B        C        D        E       F      G
               +--------+--------+--------+--------+--------+-----+--------+
         Total |   3503 |   3452 |     51 |     80 |   2804 |   3 | 1167.7 |
       Dungeon |   3503 |   3452 |     51 |     80 |   2804 |   3 | 1167.7 |
               +--------+--------+--------+--------+--------+-----+--------+

Top non-repeatable levels by time:
     D:2: 1403 daAuts
     D:1: 1057 daAuts
     D:3: 1042 daAuts
